 Dungeon Crawl Stone Soup version 0.31-a0-4-gefa6de2278 (webtiles) character file.

Game seed: 17078439268309424933

959 123456 the Trooper (level 7, 0/66 HPs)
             Began as a Minotaur Fighter on May 4, 2023.
             Slain by an ice beast (12 damage)
             ... on level 6 of the Dungeon.
             The game lasted 00:05:01 (3497 turns).

123456 the Trooper (Minotaur Fighter)               Turns: 3497, Time: 00:05:01

Health: 0/66       AC: 11    Str: 20    XL:     7   Next: 92%
Magic:  0/6        EV: 11    Int: 11    God:
Gold:   305        SH:  5    Dex: 10    Spells: 6/6 levels left

rFire   + . .        a - +0 flail
rCold   . . .        c - +1 buckler
rNeg    . . .        k - quicksilver dragon scales
rPois   .            (helmet restricted)
rElec   .            (no cloak)
rCorr   .            (no gloves)
SInv    .            (no boots)
Will    ++...        g - amulet of guardian spirit Stlth
                     s - ring of willpower
HPRegen 0.31/turn    x - +6 ring of intelligence
MPRegen 0.10/turn

%: guardian spirit
@: no status effects
A: horns 2, retaliatory headbutt, fire resistance 1, weak 1, wild magic 2
a: no special abilities


You were on level 6 of the Dungeon.
You visited 1 branch of the dungeon, and saw 6 of its levels.

You collected 305 gold pieces.

Inventory:

Hand Weapons
 a - a +0 flail (weapon)
Armour
 b - a +0 scale mail
 c - a +1 buckler (worn)
 k - quicksilver dragon scales (worn)
Jewellery
 g - an amulet of guardian spirit (around neck)
 q - a ring of fire
 s - a ring of willpower (left hand)
 x - a +6 ring of intelligence (right hand)
Wands
 A - a wand of mindburst (10)
 B - a wand of digging (8)
Scrolls
 e - 2 scrolls of blinking
 h - 2 scrolls of enchant armour
 i - 2 scrolls of immolation
 j - a scroll of vulnerability {unknown}
 l - a scroll of fog {unknown}
 m - 2 scrolls of identify
 n - 3 scrolls of teleportation
 r - a scroll of amnesia {unknown}
 t - a scroll of noise {unknown}
 y - a scroll of enchant weapon {unknown}
 D - a scroll of fear {unknown}
Potions
 d - 2 potions of might
 f - 2 potions of degeneration {unknown}
 o - a potion of curing
 p - a potion of berserk rage {unknown}
 u - a potion of invisibility {unknown}
 v - 4 potions of ambrosia {unknown}
 w - a potion of flight {unknown}
 z - a potion of cancellation {unknown}
 C - a potion of haste {unknown}


   Skills:
 * Level 7.3 Fighting
 * Level 6.7 Maces & Flails
 + Level 5.7 Armour
 + Level 3.6 Dodging
 - Level 3.6 Shields


You had 6 spell levels left.
You didn't know any spells.
Your spell library contained the following spells:

 Spells                   Type           Power      Damage    Failure   Level
 Foxfire                  Conj/Fire      0%         2x1d4     73%         1
 Fireball                 Conj/Fire      0%         3d3       100%        5
 Plasma Beam              Fire/Air       0%         2x1d11    100%        6
 Starburst                Conj/Fire      0%         6d3       100%        6


Dungeon Overview and Level Annotations

Branches:
Dungeon (6/15)
 Temple: D:4-7

Altars:
Ru


Innate Abilities, Weirdness & Mutations

You have a pair of horns on your head.
You reflexively headbutt those who attack you in melee.
Your flesh is heat resistant. (rF+)
You are weak. (Str -2)
Your spells are harder to cast, but more powerful.


Message History

The adder misses you. The adder barely misses you. You furiously retaliate!
You headbutt the adder, but do no damage.
The ice beast hits you. The ice beast freezes you!
You barely miss the ice beast.
The ice beast is moderately wounded.
You block the adder's attack.
The ice beast hits you but does no damage.
You barely miss the ice beast.
The ice beast is moderately wounded.
The adder closely misses you.
The ice beast hits you but does no damage.
The adder closely misses you. You furiously retaliate!
You headbutt the adder. You miss the adder.
The adder is heavily wounded.
The adder barely misses you.
The ice beast hits you but does no damage.
You barely miss the adder. Your headbutt misses the adder.
The adder is heavily wounded.
The adder barely misses you. You furiously retaliate!
You headbutt the adder. The ice beast hits you. The ice beast freezes you!
You hit the adder.
You kill the adder!
You block the ice beast's attack.
You barely miss the ice beast.
The ice beast is moderately wounded.
The ice beast hits you. The ice beast freezes you!
You are too injured to fight recklessly!
You are too injured to fight recklessly!
You are too injured to fight recklessly!
You barely miss the ice beast.
The ice beast is moderately wounded.
The ice beast hits you. The ice beast freezes you!
* * * LOW HITPOINT WARNING * * *
The ice beast hits you but does no damage.
You closely miss the ice beast.
The ice beast is moderately wounded.
The ice beast hits you.
* * * LOW HITPOINT WARNING * * *
The ice beast freezes you!
You die...

........#
........#
.......#
.......# ..
......## #.#
#.##...##
#...###.#.Y...##
#.......@....#
####.#.......#
##.#.......#
#..##.....##
#<###.....# #.#
[......# #.#
.......#
..##.......#
.### .....##


You could see an ice beast.

Vanquished Creatures
  An ice beast (D:5)
  A black bear (D:5)
  An ogre (D:4)
  A phantom (D:6)
  A bullfrog (D:6)
  3 scorpions
  A hound (D:4)
  2 orc priests
  A sleepcap (D:3)
  An iguana (D:5)
  3 orc wizards
  7 adders
  A shadow imp (D:5)
  A white imp (D:5)
  A worm (D:4)
  4 dart slugs
  12 orcs
  4 endoplasms
  10 goblins
  5 hobgoblins
  3 jackals (D:4)
  10 kobolds
  4 quokkas
  3 ball pythons
  2 bats
  A frilled lizard (D:1)
  4 rats
88 creatures vanquished.

Notes
Turn   | Place    | Note
-------+----------+-------------------------------------------
     0 | D:1      | 123456 the Minotaur Fighter began the quest for the Orb.
     0 | D:1      | Reached XP level 1. HP: 19/19 MP: 0/0
   170 | D:1      | Reached XP level 2. HP: 27/27 MP: 1/1
   300 | D:1      | Reached skill level 4 in Fighting
   432 | D:1      | Reached XP level 3. HP: 33/33 MP: 2/2
   957 | D:2      | Reached skill level 1 in Dodging
   978 | D:2      | You fall into a shaft and drop 2 floors!
  1011 | D:3      | Found a sacrificial altar of Ru.
  1019 | D:3      | Found a faded altar of an unknown god.
  1032 | D:4      | Noticed an ogre
  1043 | D:4      | Killed an ogre
  1044 | D:4      | Reached XP level 4. HP: 41/41 MP: 3/3
  1046 | D:4      | Reached XP level 5. HP: 47/47 MP: 4/4
  1065 | D:4      | Reached skill level 5 in Fighting
  1460 | D:3      | Reached XP level 6. HP: 56/56 MP: 5/5
  1905 | D:2      | Reached skill level 5 in Maces & Flails
  1913 | D:2      | Found a faded altar of an unknown god.
  2590 | D:4      | Reached skill level 6 in Fighting
  2590 | D:4      | Reached skill level 5 in Armour
  2593 | D:4      | Gained mutation: Your spells are a little harder to cast,
                  | but a little more powerful. [potion of mutation]
  2593 | D:4      | Gained mutation: Your flesh is heat resistant. (rF+)
                  | [potion of mutation]
  2593 | D:4      | Gained mutation: You are weak. (Str -2) [potion of
                  | mutation]
  2593 | D:4      | Gained mutation: Your spells are harder to cast, but more
                  | powerful. [potion of mutation]
  2751 | D:5      | Entered Level 5 of the Dungeon
  2871 | D:5      | Reached XP level 7. HP: 30/63 MP: 3/6
  2884 | D:4      | HP: 3/63 [orc/+0 falchion (2)]
  3312 | D:5      | Reached skill level 7 in Fighting
  3497 | D:6      | Slain by an ice beast

Illustrated notes

Levels and vault maps discovered:
D:1:      dpeg_arrival_snail, layout_loops_ring
D:2:      layout_rooms, hellmonk_ecumenical_altar_prayer_group,
          minmay_door_square
D:3:      layout_loops_ring, nicolae_overflow_ecumenical_swirl
D:4:      layout_rooms
D:5:      layout_rooms
D:6:      minmay_skewed_foursquare, layout_rooms, minmay_temple_entry_offerings,
          hangedman_decor_clover_reticule

Skill      XL: |  1  2  3  4  5  6  7 |
---------------+----------------------+-----
Fighting       | 4 5 6 7 |  7.3
Maces & Flails | 3 4 5 6 |  6.7
Armour         | 4 5 |  5.7
Dodging        | 1 2 3 |  3.6
Shields        | |  3.6

Action                     |  1- 3 |  4- 6 |  7- 9 || total
---------------------------+-------+-------+-------++-------
  Melee: Flail             |    55 |   107 |    64 ||   226
         Headbutt          |     4 |    17 |    12 ||    33
    Use: Scroll            |       |     6 |       ||     6
         Potion            |       |     1 |     1 ||     2
 Armour: Scale mail        |     4 |       |       ||     4
         Quicksilver drago |    19 |    70 |    41 ||   130
  Dodge: Dodged            |    32 |    46 |    47 ||   125
  Block: Buckler           |     9 |    25 |    18 ||    52

Table legend: (Time is in decaauts)
 A = Elapsed time spent in this place.
 B = Non-inter-level travel time spent in this place.
 C = Inter-level travel time spent in this place.
 D = Time resting spent in this place.
 E = Time spent auto-exploring this place.
 F = Levels seen in this place.
 G = Mean time per level.
                   A        B        C        D        E       F      G
               +--------+--------+--------+--------+--------+-----+--------+
         Total |   3546 |   3248 |    298 |    422 |   2173 |   6 |  591.0 |
       Dungeon |   3546 |   3248 |    298 |    422 |   2173 |   6 |  591.0 |
               +--------+--------+--------+--------+--------+-----+--------+

Top non-repeatable levels by time:
     D:3: 966 daAuts
     D:1: 754 daAuts
     D:2: 646 daAuts
     D:4: 614 daAuts
     D:5: 521 daAuts
     D:6: 43 daAuts
